 Dungeon Crawl Stone Soup version 0.14-a0-1739-g6c2808e (webtiles) character file.

271 Kae the Insei (level 5, -1/40 HPs)
             Began as a Draconian Transmuter on Jan 3, 2014.
             Slain by an orc priest
             ... wielding a +0,+0 orcish dagger
              (4 damage)
             ... on Level 3 of the Dungeon.
             The game lasted 00:03:07 (2054 turns).

Kae the Insei (Draconian Transmuter)                Turns: 2054, Time: 00:03:07

HP  -1/40        AC  6     Str 12      XL: 5   Next: 44%
MP   9/9         EV 12     Int 14      God:
Gold 77          SH  0     Dex 12      Spells:  1 memorised,  7 levels left

rFire  . . .     SeeInvis +       - Unarmed
rCold  . . .     Clarity  .     (armour unavailable)
rNeg   . . .     Conserve .     (no shield)
rPois  .         rCorr    .     (helmet restricted)
rElec  .         rRot     .     (no cloak)
SustAb . .       Spirit   .     (no gloves)
rMut   .         Warding  .     k - +0 pair of boots
Saprov . . .     Stasis   .     (no amulet)
                                (no ring)
                                g - ring of see invisible

@: appendage, slightly resistant to hostile enchantments, unstealthy
A: unfitting armour, horns 2, AC +5
a: End Transformation


You were on level 3 of the Dungeon.
You were hungry.
You had grown temporary horns.
You visited 1 branch of the dungeon, and saw 3 of its levels.

You collected 77 gold pieces.

Inventory:

Missiles
 b - 41 arrows
Armour
 k - a +0 pair of boots (worn)
Comestibles
 a - 3 bread rations
 f - a pear
Scrolls
 c - a scroll of remove curse {unknown}
 e - 3 scrolls of identify
Jewellery
 g - a ring of see invisible (left hand)
Books
 d - a book of Changes

   Spells                             Type                      Level
   *Beastly Appendage                 Transmutation                1
   Sticks to Snakes                   Transmutation                2
   Spider Form                        Transmutation/Poison         3
   Ice Form                           Ice/Transmutation            4
   Blade Hands                        Transmutation                5


   Skills:
 - Level 1.1 Fighting
 - Level 1.7 Dodging
 * Level 5.4 Unarmed Combat
 - Level 2.0 Spellcasting
 + Level 3.5 Transmutations


You had 7 spell levels left.
You knew the following spells:

 Your Spells              Type           Power        Failure   Level  Hunger
a - Beastly Appendage     Trmt           ##....       6%          1    ##.....


Dungeon Overview and Level Annotations

Branches:
Dungeon (3/16)

Altars:
Ashenzari
Elyvilon
Okawaru
Zin


Innate Abilities, Weirdness & Mutations

Your plain brown scales are hard (AC +5).
Your body does not fit into most forms of armour.
Your cold-blooded metabolism reacts poorly to cold.
You have a pair of horns on your head.


Message History

You aren't carrying any potions.
You barely miss the orc priest. You tail-slap the orc priest.
The orc priest is heavily wounded.
The orc wizard gestures at you while chanting.
The puff of flame hits you!
* * * LOW HITPOINT WARNING * * *
The orc priest mumbles some strange prayers to Beogh against you.
Pain shoots through your body!
* * * LOW HITPOINT WARNING * * *
You barely miss the orc priest.
Your tail-slap misses the orc priest.
The orc priest is heavily wounded.
The orc wizard gestures at you while chanting.
The puff of frost hits you!
* * * LOW HITPOINT WARNING * * *
The orc priest hits you but does no damage.
You hit the orc priest. Your headbutt misses the orc priest.
The orc priest is heavily wounded.
The orc wizard hits you but does no damage.
The orc priest hits you with an orcish dagger.
You die...

#.......##..#.........
#.......###.%.........
#.......# ###........
####<#### ####.####
#####..## .# #.......#
##+###### #.......#
#####.......# #.......#
#oo.'.......#
#.......####@###.......+
#..........%.# #.......#
#.......###### #.......#
#...%...# #....o..#
#.......# ######'##
#####.### ###..# ..#
#...## +### #'### ...


You could see an orc priest and an orc wizard.

Vanquished Creatures
  Sigmund (D:2)
  An orc priest (D:3)
  2 adders (D:2)
  A giant mite (D:1)
  An inept feature mimic (D:2)
  2 worms (D:2)
  A giant gecko (D:2)
  An orc (D:3)
  3 giant cockroaches
  3 goblins
  5 hobgoblins
  7 kobolds
  A ball python (D:2)
  7 bats
  4 giant newts
  6 jackals (D:1)
  6 rats
52 creatures vanquished.

Notes
Turn   | Place    | Note
--------------------------------------------------------------
     0 | D:1      | Kae, the Draconian Transmuter, began the quest for the Orb.
     0 | D:1      | Reached XP level 1. HP: 16/16 MP: 3/3
    43 | D:1      | Reached XP level 2. HP: 18/23 MP: 4/4
   561 | D:1      | Reached XP level 3. HP: 15/28 MP: 6/6
   981 | D:2      | Reached skill level 4 in Unarmed Combat
  1016 | D:2      | Noticed Sigmund
  1041 | D:2      | Killed Sigmund
  1041 | D:2      | Reached XP level 4. HP: 16/35 MP: 5/7
  1275 | D:2      | Reached skill level 5 in Unarmed Combat
  1377 | D:2      | Reached XP level 5. HP: 32/40 MP: 7/9
  1950 | D:2      | Found a glowing silver altar of Zin.
  1950 | D:2      | Found a white marble altar of Elyvilon.
  1950 | D:2      | Found an iron altar of Okawaru.
  1950 | D:2      | Found a shattered altar of Ashenzari.
  2054 | D:3      | Slain by an orc priest

Action                   |  1- 3 |  4- 6 || total
-------------------------+-------+-------++-------
Melee: Unarmed           |   140 |    89 ||   229
 Cast: Beastly Appendage |     4 |     9 ||    13
  Use: Potion            |     3 |       ||     3
       Scroll            |       |     7 ||     7
 Stab: Sleeping          |       |     1 ||     1
